[Event "Titled Tuesday Blitz July 05 Late 2022"]
[White "Zakarian, David"]
[Black "Horak, Martin"]
[WhiteFideId "13301276"]
[BlackFideId "367095"]
[WhiteElo "2420"]
[BlackElo "1997"]
[Result "0-1"]
[Round "11"]
[TimeControl "180+1"]
[Date "2022.07.06"]
[WhiteClock "0:00:11"]
[BlackClock "0:00:08"]

1. e4 c5 2. b3 Nf6 3. e5 Nd5 4. Bb2 e6 5. Bc4 Nc6 6. Nf3 Be7 7. O-O O-O 8. Nc3 Nb6 9. Bb5 Qc7 10. Ne4 a6 11. Bxc6 Qxc6 12. Re1 d5 13. exd6 Bxd6 14. Nxd6 Qxd6 15. Ne5 Nd5 16. Qh5 Nf6 17. Qh4 b5 18. Rad1 Bb7 19. d4 Qd5 20. f3 c4 21. Bc1 Nd7 22. Qg3 f6 23. bxc4 bxc4 24. Ng4 Kh8 25. Ne3 Qb5 26. Ba3 Rfe8 27. Rb1 Qc6 28. Qd6 Qxd6 29. Bxd6 Bd5 30. c3 Nf8 31. a4 a5 32. Rb6 Ng6 33. Kf2 h6 34. Reb1 Ne7 0-1


[Site "https://www.chess.com"]

[Event "Titled Tuesday Blitz July 05 Late 2022"]
[White "Zhigalko, Sergei"]
[Black "Tari, Aryan"]
[WhiteFideId "13502956"]
[BlackFideId "1510045"]
[WhiteElo "2662"]
[BlackElo "2612"]
[Result "1-0"]
[Round "11"]
[TimeControl "180+1"]
[Date "2022.07.05"]
[WhiteClock "0:00:04"]
[BlackClock "0:00:02"]

1. e4 c6 2. d4 d5 3. e5 Bf5 4. Nf3 e6 5. Be2 Ne7 6. O-O Ng6 7. Ne1 h5 8. Bd3 Ne7 9. Nd2 c5 10. dxc5 Nbc6 11. Ndf3 d4 12. Bg5 Bxd3 13. Nxd3 Qd5 14. b4 Ng6 15. Re1 Be7 16. b5 Na5 17. Bxe7 Nxe7 18. a4 Nf5 19. Rb1 Nc4 20. Rb4 a5 21. Rb3 h4 22. h3 O-O 23. Ng5 g6 24. Qg4 Qd8 25. Nf4 Qe7 26. Nd3 Kg7 27. Ne4 b6 28. c6 Rad8 29. Qf4 Rh8 30. Rbb1 Rd5 31. Nf6 Rdd8 32. Ng4 Na3 33. Rb2 Nc4 34. Rb3 Rd5 35. Qe4 Nd2 36. Qe2 Nxb3 37. cxb3 Qc7 38. Nf6 Rdd8 39. Ng4 Rd5 40. Qd2 Qe7 41. Rc1 Rdd8 42. Rc4 Rc8 43. Qf4 Qd8 44. Nf6 Qe7 45. Ng4 Qa3 46. Nc1 d3 47. Qd2 1-0


[Site "https://www.chess.com"]

[Event "Titled Tuesday Blitz July 05 Late 2022"]
[White "Zhukova, Natalia"]
[Black "Voege, Tobias"]
[WhiteFideId "14101513"]
[BlackFideId "1270513"]
[WhiteElo "2296"]
[BlackElo "2379"]
[Result "0-1"]
[Round "11"]
[TimeControl "180+1"]
[Date "2022.07.06"]
[WhiteClock "0:00:08"]
[BlackClock "0:00:13"]

1. c4 Nf6 2. Nc3 g6 3. e4 c5 4. Nf3 Nc6 5. d4 cxd4 6. Nxd4 Bg7 7. Be3 O-O 8. Be2 d6 9. O-O Nxd4 10. Bxd4 a5 11. h3 Bd7 12. Qc2 Bc6 13. Rad1 Re8 14. b3 Qc8 15. Rfe1 b5 16. cxb5 Bxe4 17. Qb2 e5 18. Be3 Qb7 19. Rxd6 Rac8 20. Rb6 Qa8 21. Ra6 Qb7 22. Ra7 Qb8 23. Bc4 Rf8 24. b6 Bb7 25. Rxa5 e4 26. Bd4 Rfd8 27. Nb5 Rc6 28. Na7 Rcd6 29. Be5 Nh5 30. Bxd6 Qxd6 31. Qb1 Bc3 32. Nb5 Qxb6 33. Nxc3 Qxa5 34. Nxe4 Re8 35. Nd6 Rxe1+ 36. Qxe1 Qxe1+ 37. Kh2 Qe5+ 0-1